 Dungeon Crawl Stone Soup version 0.21.1-1-g345015f (webtiles) character file.

554343 theElss the Conqueror (level 26, -28/193 HPs)
             Began as a Gargoyle Berserker on Feb 4, 2018.
             Was a High Priest of Trog.
             Killed by the air
             ... invoked by a titan
              (32 damage)
             ... on level 5 of the Vaults on Feb 5, 2018.
             The game lasted 05:18:54 (80805 turns).

theElss the Conqueror (Gargoyle Berserker)         Turns: 80805, Time: 05:18:57

Health: -28/193    AC: 54    Str: 25    XL:     26   Next: 98%
Magic:  34/34      EV: 10    Int: 14    God:    Trog [*****.]
Gold:   4769       SH: 22    Dex: 15    Spells: 25/25 levels left

rFire    + + .     SeeInvis +   a - +6 mace of Sicirix {venom, rC+ rN+ Int+4 SInv}
rCold    + + +     Gourm    .   K - +0 shield
rNeg     + + .     Faith    .   E - +4 gold dragon scales
rPois    ∞         Spirit   .   x - +1 helmet {SInv}
rElec    +         Reflect  +   N - scarf {cloud immunity}
rCorr    +         Harm     .   H - +2 pair of gloves {archery}
MR       +++..                  e - +1 pair of boots {Stlth+}
Stlth    ..........             m - +5 amulet of reflection
HPRegen  1.42/turn              J - ring "Yrchihur" {rF+ rC+ SInv}
MPRegen  0.24/turn              g - ring of resist corrosion

@: marked, berserk cooldown, flying, very slightly contaminated, starving,
regenerating, slowed, studying Throwing, very slow
A: big wings, negative energy resistance 1, electricity resistance, unbreathing,
petrification resistance, rot immunity, AC +20
}: 2/15 runes: barnacled, gossamer
a: Stop Flying, Berserk, Trog's Hand, Brothers in Arms, Burn Spellbooks,
Renounce Religion


You were on level 5 of the Vaults.
You worshipped Trog.
Trog was extremely pleased with you.
You were starving.

You visited 9 branches of the dungeon, and saw 47 of its levels.
You visited the Abyss 1 time.

You collected 6439 gold pieces.
You spent 1670 gold pieces at shops.

Inventory:

Hand Weapons
 a - the +6 mace of Sicirix (weapon) {venom, rC+ rN+ Int+4 SInv}
   (You took it off a deep elf elementalist on level 3 of the Elven Halls)

   It poisons the flesh of those it strikes.
   It affects your intelligence (+4).
   It protects you from cold.
   It protects you from negative energy.
   It lets you see invisible.
 b - the +10 hand crossbow "Ufebokon" {speed, rF+++ MR- Dex-3 SInv}
   (You found it on level 1 of the Spider Nest)

   Attacks with this weapon are significantly faster.
   It affects your dexterity (-3).
   It renders you almost immune to fire.
   It affects your resistance to hostile enchantments.
   It lets you see invisible.
 U - the +4 morningstar of the Demagogue {venom, MR+ Int+3 Dex-5 Stlth+}
   (You found it on level 3 of the Crypt)

   It poisons the flesh of those it strikes.
   It affects your intelligence (+3).
   It affects your dexterity (-5).
   It affects your resistance to hostile enchantments.
   It makes you more stealthy.
Missiles
 d - 2033 bolts
Armour
 e - a +1 pair of boots of stealth (worn)
 v - the +4 plate armour of the Vestibule of Hell {Dex+8}
   (You bought it in a shop on level 6 of the Dungeon)

   It affects your dexterity (+8).
 x - a +1 helmet of see invisible (worn)
 E - +4 gold dragon scales (worn)
 H - a +2 pair of gloves of archery (worn)
 K - a +0 shield (worn)
 N - a scarf of cloud immunity (worn)
Jewellery
 g - a ring of resist corrosion (right hand)
 j - an uncursed ring of protection from magic
 m - a +5 amulet of reflection (around neck)
 q - an uncursed amulet of the gourmand
 J - the ring "Yrchihur" (left hand) {rF+ rC+ SInv}
   (You took it off a deep elf elementalist on level 3 of the Elven Halls)

   [ring of see invisible]

   It protects you from fire.
   It protects you from cold.
   It lets you see invisible.
 M - the ring "Awuluito" {rElec rC+ Int-2 SInv Stlth+}
   (You took it off a deep elf sorcerer on level 3 of the Elven Halls)

   [ring of stealth]

   It affects your intelligence (-2).
   It protects you from cold.
   It insulates you from electricity.
   It lets you see invisible.
   It makes you more stealthy.
 P - the ring of Phasing {EV+8}
   (You found it on level 3 of the Depths)

   [ring of evasion]

   It affects your evasion (+8).
 S - a +5 amulet of reflection
 T - an uncursed ring of positive energy
 W - an uncursed amulet of guardian spirit
Wands
 o - a wand of enslavement (13)
 z - a wand of disintegration (12)
 G - a wand of paralysis (24)
 I - a wand of scattershot (5)
 L - a wand of iceblast (13)
 Q - a wand of polymorph (2)
 R - a wand of random effects (12)
Scrolls
 f - 22 scrolls of identify
 i - 4 scrolls of summoning
 k - 29 scrolls of remove curse
 l - 12 scrolls of fog
 n - 22 scrolls of teleportation
 u - 7 scrolls of magic mapping
 y - 2 scrolls of silence
 B - 4 scrolls of blinking
 C - 3 scrolls of fear
 O - 3 scrolls of holy word
Potions
 h - 6 potions of cancellation
 p - 10 potions of lignification
 r - 15 potions of curing
 s - 6 potions of haste
 w - 6 potions of resistance
 F - a potion of berserk rage
Books
 X - a manual of Throwing
Miscellaneous
 A - a phantom mirror
 D - a phial of floods
 V - 3 sacks of spiders
 Z - a box of beasts
Comestibles
 c - 50 rations
 t - 3 chunks of flesh


   Skills:
 O Level 27 Fighting
 + Level 19.3 Maces & Flails
 - Level 10.0 Crossbows
 + Level 17.3 Armour
 + Level 8.5 Dodging
 - Level 1.5 Stealth
 + Level 21.4 Shields
 * Level 14.7 Evocations


You had 25 spell levels left.
You didn't know any spells.

Dungeon Overview and Level Annotations

Branches:
Dungeon (15/15)            Temple (0/1) D:5            Lair (6/6) D:8
 Shoals (4/4) Lair:3       Spider (4/4) Lair:2        Slime (0/5) Lair:6
    Orc (2/2) D:9             Elf (3/3) Orc:2        Vaults (5/5) D:13
  Crypt (3/3) Vaults:3       Tomb (0/3) Crypt:3      Depths (5/5) D:15
    Zot (0/5) Depths:5

Altars:
Cheibriados
Fedhas
Gozag
Hepliaklqana
Makhleb
Qazlal
Trog
Uskayaw
Vehumet
Xom
Zin
The Shining One
Beogh
Jiyva

Shops:
D:6 ([}   D:9 !   D:12 }   Orc:1 %   Orc:2 [:*(   Elf:2 }==   Elf:3 *
Vaults:1 :   Vaults:3 (   Vaults:4 (

Portals:
Hell: Depths:2 Depths:3 Depths:4 Depths:5
Abyss: Depths:1 Depths:4
Pandemonium: Depths:1 Depths:2 Depths:3
Ziggurat: Depths:3
Trove: D:12 (give horn of Geryon)


Innate Abilities, Weirdness & Mutations

You are resistant to torment.
Your stone body is resilient. (AC +20)
You are immune to poison.
Your large and strong wings let you fly indefinitely.
You resist negative energy. (rN+)
You are resistant to electric shocks. (rElec)
You can survive without breathing.
You are immune to petrification.
You are immune to rotting.


Message History

You block the ettin's attack.
You hit the ettin but do no damage.
The ettin looks as sick as possible!
The ettin is almost dead.
The deep elf archer blinks!
The ettin hits you with a dire flail!!
* * * LOW HITPOINT WARNING * * *
The ettin hits you but does no damage.
The titan waves its arms in wide circles.
The air twists around and violently strikes you in flight!
* * * LOW HITPOINT WARNING * * *
Unknown command.
Unknown command.
Blink to where?
Press: ? - help, Dir - move target cursor You are very lightly contaminated with residual magic.
As you read the scroll of blinking, it crumbles to dust.
You kill the ettin!
Trog accepts your kill.
The titan waves its arms in wide circles.
The air twists around and violently strikes you in flight!
You die...

..................#
..................#
..................#
..................#
##############....#
.... ........# ....
.....#..# ...
..#####..# . #@.#
#..# #..# # #..# #
#..# .# #..# .#
#..# .. #C)# .##
#.§#


You could see a titan.

Vanquished Creatures
  3 ancient liches
  Mara (Depths:4)
  Frederick (Vaults:4)
  A curse toe (Crypt:3)
  Xtahua (Vaults:4)
  Saint Roka (Crypt:2)
  5 caustic shrikes
  5 golden dragons
  Jory (Depths:4)
  Nikola (Spider:1)
  2 bone dragons
  2 tentacled monstrosities
  2 deep elf blademasters (Elf:3)
  4 titans
  5 liches
  Frances (Shoals:2)
  4 ancient champions
  2 krakens (Shoals:4)
  Kirke (D:14)
  4 storm dragons
  3 shadow dragons
  3 revenants
  6 sphinxes
  2 tengu reavers
  An iron dragon (Vaults:4)
  Ilsuiw (Shoals:4)
  A draconian monk (Depths:5)
  9 frost giants
  7 vault wardens
  Aizul (Shoals:1)
  6 deep elf sorcerers
  A juggernaut zombie (Crypt:3)
  3 ghost moths (Spider:4)
  11 fire giants
  A draconian scorcher (Depths:5)
  The ghost of jazmu the Champion of Chaos, a journeyman DsSk of Makhleb (Shoals:4)
  6 emperor scorpions
  2 curse skulls
  10 ironheart preservers
  3 orc warlords
  5 deep elf elementalists
  18 very ugly things
  A spriggan defender (Depths:3)
  A juggernaut skeleton (Crypt:3)
  9 entropy weavers
  10 deep elf demonologists
  5 vampire knights
  2 black draconians (Depths:5)
  22 stone giants
  15 spark wasps
  A green draconian (Depths:5)
  2 white draconians (Depths:5)
  A yellow draconian (Depths:5)
  A purple draconian (Depths:5)
  6 deep elf annihilators
  Snorg (D:10)
  7 merfolk impalers
  8 deep elf death magi
  A blizzard demon (Depths:1)
  5 merfolk javelineers (Shoals:4)
  2 pearl dragon zombies (Crypt:3)
  22 ettins
  17 yaktaur captains
  3 deep elf high priests
  5 great orbs of eyes
  10 fire dragons
  17 ogre magi
  8 hydras
  Harold (D:11)
  25 vault guards
  The ghost of komo4ek the Imperceptible, a journeyman FeEn of Wu Jian (Shoals:4)
  A peacekeeper (Elf:1)
  The ghost of Caim the Prestidigitator, a journeyman DDAr of Makhleb (Orc:1)
  12 ice dragons
  6 rakshasas
  4 spriggan air magi
  The ghost of execc the Spear-Bearer, a journeyman OpBe of Trog (D:11)
  43 two-headed ogres
  9 centaur warriors
  A hell beast (Depths:2)
  2 merfolk avatars (Shoals:4)
  36 dancing weapons
  6 merfolk aquamancers
  14 deep troll shamans
  A satyr (Shoals:3)
  3 death knights
  13 deep troll earth magi
  An alligator (shapeshifter) (Vaults:5)
  A tengu warrior (D:15)
  4 death yaks (Lair:4)
  2 vampire magi
  3 spriggan berserkers
  5 orc high priests
  Nergalle (D:12)
  2 soul eaters (Crypt:2)
  28 deep elf knights
  Sonja (Lair:2)
  A titan skeleton (Vaults:3)
  An iron troll (Depths:2)
  A salamander mystic (Depths:5)
  16 skeletal warriors
  13 hell knights
  6 glowing orange brains
  21 deep elf archers
  21 deep trolls
  A ghost moth zombie (Crypt:2)
  8 sea snakes
  2 unseen horrors
  4 phantasmal warriors
  14 wizards
  5 flayed ghosts
  67 deep elf magi
  A lindwurm (shapeshifter) (Vaults:3)
  A lindwurm (Lair:5)
  A shadow dragon zombie (Vaults:5)
  A wolf spider zombie (Crypt:3)
  Pikel (D:7)
  2 tengu skeletons (Vaults:3)
  16 orc knights
  22 harpies
  6 ironbrand convokers
  31 wolf spiders
  10 necromancers
  6 orc sorcerers
  25 orb spiders
  15 fauns
  A fire giant zombie (Crypt:2)
  A mana viper (shapeshifter) (Vaults:3)
  A shadow dragon skeleton (Vaults:3)
  An oklob plant (Lair:5)
  27 ugly things
  18 manticores
  4 moths of wrath
  3 salamanders
  A salamander (shapeshifter) (Vaults:2)
  A frost giant zombie (Crypt:2)
  7 cyclopes
  2 fire giant skeletons
  An iron dragon skeleton (Crypt:1)
  A stone giant skeleton (Vaults:3)
  12 vault sentinels
  A guardian serpent (shapeshifter) (Depths:3)
  A rust devil (Depths:1)
  4 apis skeletons (Crypt:3)
  A guardian serpent (Lair:6)
  3 frost giant skeletons
  12 merfolk sirens
  8 black mambas
  A torpor snail (Spider:3)
  An orange demon (Depths:1)
  4 gargoyles
  7 water nymphs
  A shock serpent skeleton (Crypt:2)
  3 freezing wraiths
  20 spiny frogs
  A rime drake (Lair:4)
  46 yaktaurs
  9 komodo dragons
  5 guardian mummies (Crypt:3)
  2 red devils
  An ice devil (Depths:1)
  2 catoblepas skeletons
  A tengu conjurer (D:15)
  An efreet (D:14)
  A hellwing (Depths:1)
  An iron troll zombie (Crypt:1)
  6 meliai
  3 yaktaur skeletons
  16 demonic crawlers
  A wind drake (shapeshifter) (Elf:2)
  10 trolls
  A troll (shapeshifter) (Depths:4)
  A tengu simulacrum (Vaults:3)
  5 polar bears
  2 queen bees
  7 human skeletons
  30 jumping spiders
  12 hornets
  Grinder (D:5)
  40 merfolk
  3 saltlings (Elf:1)
  A polar bear (shapeshifter) (Vaults:4)
  17 dream sheep
  A dream sheep (shapeshifter) (Vaults:5)
  10 blink frogs
  A hydra skeleton (Crypt:2)
  4 wind drakes
  14 hippogriffs
  A human simulacrum (Vaults:3)
  A satyr zombie (Crypt:1)
  22 slime creatures
  4 snapping turtles
  2 hippogriffs (shapeshifter)
  A flying skull (Crypt:3)
  An ettin skeleton (Vaults:3)
  A centaur simulacrum (D:15)
  2 fire giant simulacra
  8 air elementals
  A black mamba zombie (Crypt:1)
  4 shadows
  A tarantella (shapeshifter) (Vaults:4)
  2 redbacks (shapeshifter)
  4 spriggans
  14 wyverns
  92 redbacks
  38 water elementals
  An ice dragon skeleton (Crypt:3)
  29 tarantellas
  A spriggan simulacrum (Depths:2)
  A wind drake zombie (Crypt:2)
  2 spriggans (shapeshifter)
  A yak (shapeshifter) (Depths:2)
  2 wraiths
  4 basilisks
  A black mamba skeleton (Crypt:3)
  24 yaks
  4 fire elementals
  2 hungry ghosts
  A human (shapeshifter) (Depths:3)
  7 vampire mosquitoes
  A wind drake skeleton (Crypt:1)
  A neqoxec (Abyss:3)
  19 water moccasins
  A yaktaur simulacrum (Vaults:3)
  A swamp worm (shapeshifter) (Vaults:5)
  An acid dragon (D:14)
  13 wargs
  6 porcupines
  A merfolk skeleton (Crypt:1)
  A deep troll skeleton (Vaults:5)
  2 gelid demonspawn skeletons
  37 orc warriors
  2 sky beasts
  3 floating eyes
  A black bear (shapeshifter) (Depths:1)
  6 ice beasts
  A black bear (Lair:4)
  2 human zombies
  An eye of draining (D:13)
  A fire dragon simulacrum (Crypt:2)
  11 boggarts
  5 phantoms
  An ettin simulacrum (Crypt:2)
  2 necrophages
  A hornet zombie (D:14)
  8 wolves
  43 ogres
  12 centaurs
  8 crocodiles
  A komodo dragon zombie (Crypt:3)
  2 big kobolds
  An elf zombie (Crypt:2)
  A salamander zombie (Crypt:3)
  A bullfrog (shapeshifter) (Depths:3)
  A draconian skeleton (Crypt:2)
  2 gnoll sergeants (D:7)
  18 bullfrogs
  4 earth elementals
  A wyvern skeleton (D:11)
  13 scorpions
  22 wights
  An elf simulacrum (Vaults:4)
  55 killer bees
  A troll skeleton (Crypt:3)
  3 electric eels
  A howler monkey (D:4)
  6 crimson imps
  2 bullfrog zombies
  3 quasits
  A bullfrog skeleton (D:12)
  5 centaur zombies
  9 hounds
  A jelly (shapeshifter) (Depths:3)
  8 jellies
  12 orc priests
  8 centaur skeletons
  2 iron imps (Depths:1)
  16 orc wizards
  5 iguanas
  7 worker ants
  A killer bee zombie (Crypt:3)
  A deep dwarf zombie (Crypt:1)
  An acid dragon skeleton (Crypt:2)
  7 mummies (Crypt:3)
  A howler monkey zombie (D:11)
  6 gnolls (D:7)
  12 adders
  5 shadow imps
  4 white imps
  2 ufetubi (Depths:1)
  6 oozes
  2 adder zombies
  An iguana skeleton (Crypt:2)
  An adder skeleton (D:4)
  A worm (D:5)
  A dart slug (D:1)
  8 leopard geckos
  72 orcs
  3 ball pythons (D:4)
  2 giant cockroaches
  9 goblins
  7 hobgoblins
  10 jackals
  3 quokkas
  3 bats
  5 frilled lizards
  A goblin skeleton (Crypt:3)
  A jackal skeleton (Crypt:2)
  16 kobolds
  A quokka zombie (D:5)
  5 rats
  A river rat skeleton (Crypt:1)
  3 tentacles (Shoals:4)
2167 creatures vanquished.

Vanquished Creatures (collateral kills)
  2 caustic shrikes (Depths:4)
  A golden dragon (Vaults:5)
  A sphinx (Depths:2)
  A revenant (Crypt:2)
  A stone giant (Depths:2)
  An entropy weaver (Spider:2)
  A vampire knight (Crypt:2)
  A merfolk impaler (Shoals:4)
  A yaktaur captain (Depths:4)
  A death yak (Lair:4)
  4 skeletal warriors
  A phantasmal warrior (Crypt:2)
  A wizard (Depths:2)
  A wolf spider zombie (D:15)
  2 fauns (Shoals:3)
  A manticore (D:15)
  An orc sorcerer (Depths:2)
  A cyclops (D:14)
  A merfolk siren (Shoals:3)
  A yaktaur (Vaults:5)
  2 polar bears (D:15)
  A centaur simulacrum (D:15)
  2 redbacks
  A water elemental (D:15)
  A soldier ant (D:15)
  An eye of draining (D:15)
  An orc warrior (Crypt:2)
  A wolf (D:15)
  An orc priest (Crypt:2)
  A white imp (D:15)
  2 orcs (Crypt:2)
39 creatures vanquished.

Vanquished Creatures (others)
  Bai Suzhen (Depths:1)
  A frost giant (Depths:2)
  A very ugly thing (Depths:5)
  A stone giant (Depths:3)
  A deep elf annihilator (Elf:3)
  An ettin (Depths:5)
  2 merfolk javelineers (Shoals:4)
  A fire dragon (Depths:2)
  2 yaktaur captains
  An ogre mage (Depths:1)
  A merfolk aquamancer (Shoals:4)
  2 centaur warriors
  4 deep elf archers
  An orb spider (Spider:4)
  3 deep elf magi
  An orc sorcerer (Orc:2)
  2 ugly things
  9 yaktaurs
  An air elemental (Depths:4)
  2 tarantellas
  2 water elementals
  4 slaves (D:7)
  An ogre (D:7)
  2 boggarts (Vaults:1)
  3 centaurs (Vaults:1)
  An orc priest (Crypt:2)
  An orc wizard (D:15)
  A worker ant (D:7)
  4 gnolls (D:7)
  A ball lightning (Vaults:3)
  8 orcs
  25 fungi
  75 plants
  11 tentacles (Shoals:4)
177 creatures vanquished.

Grand Total: 2383 creatures vanquished

Notes
Turn   | Place    | Note
-------+----------+-------------------------------------------
     0 | D:1      | theElss the Gargoyle Berserker began the quest for the Orb.
     0 | D:1      | Reached XP level 1. HP: 14/14 MP: 1/1
    26 | D:1      | Reached XP level 2. HP: 13/19 MP: 2/2
   521 | D:1      | Reached XP level 3. HP: 19/24 MP: 3/3
   844 | D:2      | Reached ** piety under Trog
   911 | D:2      | Reached XP level 4. HP: 26/29 MP: 4/4
   945 | D:2      | Found a stormy altar of Qazlal.
  1057 | D:2      | Found a burning altar of Makhleb.
  1433 | D:3      | Found a hide-covered altar of Uskayaw.
  1714 | D:3      | Found a blossoming altar of Fedhas.
  1934 | D:4      | Noticed an ogre
  1944 | D:4      | Killed an ogre
  1944 | D:4      | Reached skill level 4 in Fighting
  1944 | D:4      | Reached XP level 5. HP: 33/33 MP: 5/5
  1947 | D:4      | Reached skill level 5 in Maces & Flails
  2094 | D:4      | Noticed an ogre
  2100 | D:4      | Killed an ogre
  2100 | D:4      | Reached XP level 6. HP: 38/38 MP: 6/6
  2958 | D:5      | Entered Level 5 of the Dungeon
  2958 | D:5      | Noticed an ice beast
  2963 | D:5      | Killed an ice beast
  2963 | D:5      | Reached XP level 7. HP: 44/44 MP: 7/7
  2971 | D:5      | Noticed Grinder
  3142 | D:5      | Killed Grinder
  3243 | D:5      | Reached XP level 8. HP: 38/48 MP: 8/8
  3262 | D:5      | Found a shimmering altar of Xom.
  3584 | D:5      | Found a staircase to the Ecumenical Temple.
  3709 | D:5      | Reached *** piety under Trog
  3891 | D:6      | Reached skill level 5 in Fighting
  3891 | D:6      | Reached skill level 5 in Armour
  3925 | D:6      | Found Soklal's Gadget Boutique.
  4575 | D:6      | Reached skill level 1 in Stealth
  4579 | D:6      | Reached XP level 9. HP: 54/54 MP: 9/9
  4670 | D:6      | Found Bise's Antique Weapon Boutique.
  4858 | D:6      | Found Xalydu Yquha's Antique Armour Shop.
  5042 | D:6      | Found a bloodstained altar of Trog.
  5628 | D:7      | Noticed Pikel
  5638 | D:7      | Killed Pikel
  5638 | D:7      | Reached skill level 6 in Fighting
  5997 | D:7      | Reached skill level 10 in Maces & Flails
  6047 | D:7      | Noticed a two-headed ogre
  6059 | D:7      | Killed a two-headed ogre
  6059 | D:7      | Reached XP level 10. HP: 41/61 MP: 10/10
  6155 | D:7      | Reached **** piety under Trog
  6169 | D:7      | Found an opulent altar of Gozag.
  6941 | D:8      | Found a glowing silver altar of Zin.
  6987 | D:8      | Reached skill level 1 in Shields
  7030 | D:8      | Found a staircase to the Lair.
  7196 | D:8      | Found a burning altar of Makhleb.
  7297 | D:8      | Found a glowing golden altar of the Shining One.
  7585 | D:9      | Found a staircase to the Orcish Mines.
  7675 | D:9      | Noticed a two-headed ogre
  7710 | D:9      | Killed a two-headed ogre
  7856 | D:9      | Found a hazy altar of Hepliaklqana.
  7875 | D:9      | Found a snail-covered altar of Cheibriados.
  8008 | D:9      | Found a radiant altar of Vehumet.
  8046 | D:9      | Found Takapre's Distillery.
  8052 | D:9      | Bought a potion of haste for 140 gold pieces
  8052 | D:9      | Bought a potion of invisibility for 112 gold pieces
  8052 | D:9      | Bought a potion of magic for 112 gold pieces
  8052 | D:9      | Bought a potion of resistance for 140 gold pieces
  8253 | D:10     | Entered Level 10 of the Dungeon
  8313 | D:10     | Noticed a two-headed ogre
  8322 | D:10     | Killed a two-headed ogre
  8322 | D:10     | Reached skill level 5 in Shields
  8322 | D:10     | Reached XP level 11. HP: 66/66 MP: 11/11
  8567 | D:10     | Noticed a two-headed ogre
  8573 | D:10     | Killed a two-headed ogre
  8730 | D:10     | Noticed Snorg
  8753 | D:10     | Killed Snorg
  8808 | D:10     | Reached ***** piety under Trog
  8922 | D:10     | Received a gift from Trog
  9442 | D:11     | Noticed a cyclops
  9451 | D:11     | Killed a cyclops
  9538 | D:11     | Noticed a manticore
  9585 | D:11     | Killed a manticore
  9795 | D:11     | Noticed Harold
  9804 | D:11     | Killed Harold
 10026 | D:11     | Noticed execc's ghost (journeyman OpBe)
 10081 | D:11     | Killed execc's ghost
 10081 | D:11     | Reached skill level 10 in Shields
 10664 | D:12     | Reached XP level 12. HP: 71/71 MP: 12/12
 10740 | D:12     | Noticed a two-headed ogre
 10765 | D:12     | Killed a two-headed ogre
 10769 | D:12     | Noticed Nergalle
 11581 | D:12     | Found a portal to a secret trove of treasure.
 11703 | D:12     | Found Anler's Gadget Shoppe.
 11829 | D:12     | Killed Nergalle
 12666 | D:13     | Reached XP level 13. HP: 52/76 MP: 13/13
 13034 | D:13     | Received a gift from Trog
 13408 | D:13     | Found a gate to the Vaults.
 13762 | D:8      | Identified a scroll of acquirement
 13786 | Lair:1   | Entered Level 1 of the Lair of Beasts
 14057 | Lair:1   | Reached skill level 15 in Shields
 14998 | Lair:2   | Noticed Sonja
 15083 | Lair:2   | Killed Sonja
 15703 | Lair:2   | Found a hole to the Spider Nest.
 16270 | Lair:3   | Reached skill level 15 in Maces & Flails
 16834 | Lair:3   | Found a staircase to the Shoals.
 16887 | Lair:3   | Gained mutation: Your large and strong wings let you fly indefinitely. [Gargoyle growth]
 16887 | Lair:3   | Reached XP level 14. HP: 72/80 MP: 14/14
 17985 | Lair:4   | Reached skill level 1 in Evocations
 18148 | Lair:4   | Reached skill level 7 in Fighting
 18396 | Lair:4   | Reached skill level 5 in Dodging
 19024 | Lair:5   | Reached skill level 8 in Fighting
 19559 | Lair:5   | Found a glowing silver altar of Zin.
 20343 | Lair:6   | Entered Level 6 of the Lair of Beasts
 20719 | Lair:6   | Found a viscous altar of Jiyva.
 20722 | Lair:6   | Found a staircase to the Slime Pits.
 20750 | Lair:6   | Reached skill level 9 in Fighting
 21272 | Lair:6   | Received a gift from Trog
 21584 | Lair:6   | Reached skill level 10 in Fighting
 21614 | Lair:6   | Reached XP level 15. HP: 80/92 MP: 17/17
 23008 | D:14     | Reached skill level 11 in Fighting
 23689 | D:14     | Noticed Kirke
 23706 | D:14     | Killed Kirke
 23892 | D:15     | Entered Level 15 of the Dungeon
 23903 | D:15     | Received a gift from Trog
 24381 | D:15     | Reached skill level 12 in Fighting
 24390 | D:15     | Reached skill level 1 in Crossbows
 24638 | D:15     | Found a staircase to the Depths.
 24638 | D:15     | Noticed a frost giant
 24653 | D:15     | Killed a frost giant
 24830 | D:15     | Reached skill level 10 in Armour
 25122 | D:15     | Received a gift from Trog
 25129 | D:15     | Got a crude eveningstar {god gift}
 25130 | D:15     | Identified the +5 eveningstar of Bateuduf {crush, Str+2 Int+3} (Trog gifted it to you on level 15 of the Dungeon)
 25423 | Orc:1    | Entered Level 1 of the Orcish Mines
 25423 | Orc:1    | Found Figun's Food Emporium.
 25443 | Orc:1    | Noticed Caim's ghost (journeyman DDAr)
 25500 | Orc:1    | Killed Caim's ghost
 25722 | Orc:1    | Reached skill level 13 in Fighting
 25739 | Orc:1    | Reached XP level 16. HP: 59/104 MP: 19/19
 26134 | Orc:2    | Entered Level 2 of the Orcish Mines
 26134 | Orc:2    | Found Putog's General Store.
 26247 | Orc:2    | Found a roughly hewn altar of Beogh.
 26273 | Orc:2    | Found Kiut's Antique Armour Shop.
 26563 | Orc:2    | Found a staircase to the Elven Halls.
 26619 | Orc:2    | Found Arrecwa's Book Shoppe.
 26795 | Orc:2    | Found Huoll's Antique Weapon Boutique.
 26818 | Orc:1    | Paralysed by an orc sorcerer for 6 turns
 26833 | Orc:1    | Received a gift from Trog
 27540 | Orc:2    | Bought a hand crossbow for 108 gold pieces
 27688 | Shoals:1 | Entered Level 1 of the Shoals
 27888 | Shoals:1 | Reached skill level 14 in Fighting
 27894 | Shoals:1 | Reached ****** piety under Trog
 28055 | Shoals:1 | Noticed Aizul
 28073 | Shoals:1 | Killed Aizul
 28804 | Shoals:2 | Noticed Frances
 28818 | Shoals:2 | Killed Frances
 28818 | Shoals:2 | Received a gift from Trog
 29262 | Shoals:2 | Reached skill level 15 in Fighting
 29783 | Shoals:3 | Reached skill level 5 in Evocations
 30209 | Shoals:3 | Reached XP level 17. HP: 84/113 MP: 20/20
 30844 | Shoals:4 | Entered Level 4 of the Shoals
 30852 | Shoals:4 | Received a gift from Trog
 30985 | Shoals:4 | Noticed jazmu's ghost (journeyman DsSk)
 31053 | Shoals:4 | Killed jazmu's ghost
 31053 | Shoals:4 | Reached skill level 5 in Crossbows
 31059 | Shoals:4 | Noticed komo4ek's ghost (journeyman FeEn)
 31326 | Shoals:4 | Killed komo4ek's ghost
 31326 | Shoals:4 | Reached skill level 16 in Fighting
 32495 | Shoals:4 | Noticed Ilsuiw
 32618 | Shoals:4 | Killed Ilsuiw
 32816 | Shoals:4 | Noticed a kraken
 32836 | Shoals:4 | Killed a kraken
 33047 | Shoals:4 | Reached skill level 17 in Fighting
 33098 | Shoals:4 | Noticed a kraken
 33118 | Shoals:4 | Killed a kraken
 33545 | Shoals:4 | Received a gift from Trog
 33929 | Shoals:4 | Got a barnacled rune of Zot
 34123 | Spider:1 | Entered Level 1 of the Spider Nest
 34139 | Spider:1 | Received a gift from Trog
 34372 | Spider:1 | Got a pitted hand crossbow
 34373 | Spider:1 | Identified the +10 hand crossbow "Ufebokon" {speed, rF+++ MR- Dex-3 SInv} (You found it on level 1 of the Spider Nest)
 34422 | Spider:1 | Reached XP level 18. HP: 124/124 MP: 23/23
 34847 | Spider:1 | Noticed Nikola
 34871 | Spider:1 | Killed Nikola
 35384 | Spider:2 | Reached skill level 18 in Fighting
 35656 | Spider:2 | Received a gift from Trog
 35737 | Spider:2 | Received a gift from Trog
 37125 | Spider:3 | Received a gift from Trog
 37464 | Spider:3 | Reached skill level 19 in Fighting
 38649 | Spider:4 | Entered Level 4 of the Spider Nest
 38663 | Spider:4 | Reached XP level 19. HP: 133/133 MP: 24/24
 39154 | Spider:4 | Received a gift from Trog
 39763 | Spider:4 | Reached skill level 20 in Fighting
 39902 | Spider:4 | Got a gossamer rune of Zot
 40328 | Vaults:1 | Entered Level 1 of the Vaults
 40538 | Vaults:1 | Received a gift from Trog
 41027 | Vaults:1 | Received a gift from Trog
 41205 | Vaults:1 | Found Enoob's Book Emporium.
 41360 | Vaults:1 | Received a gift from Trog
 42937 | Vaults:2 | Reached skill level 21 in Fighting
 42948 | Vaults:2 | Received a gift from Trog
 43110 | Vaults:2 | Reached XP level 20. HP: 144/144 MP: 26/26
 43955 | Vaults:3 | Received a gift from Trog
 44084 | Vaults:3 | Received a gift from Trog
 44121 | Vaults:3 | Found a staircase to the Crypt.
 44606 | Vaults:3 | Reached skill level 22 in Fighting
 44878 | Vaults:3 | Received a gift from Trog
 45217 | Vaults:3 | Received a gift from Trog
 45400 | Vaults:3 | Found Piemot's Weapon Shop.
 46082 | Vaults:4 | Noticed Xtahua
 46092 | Vaults:4 | Killed Xtahua
 46092 | Vaults:4 | Reached XP level 21. HP: 134/152 MP: 28/28
 46465 | Vaults:4 | Received a gift from Trog
 46684 | Vaults:4 | Paralysed by a great orb of eyes for 4 turns
 46699 | Vaults:4 | Reached skill level 10 in Crossbows
 47199 | Vaults:4 | Found Darhy's Weapon Boutique.
 47533 | Vaults:4 | Reached skill level 23 in Fighting
 47533 | Vaults:4 | Reached skill level 10 in Evocations
 47704 | Vaults:4 | Received a gift from Trog
 48683 | D:6      | Bought a pair of glowing boots for 172 gold pieces
 48683 | D:6      | Bought a polished plate armour for 644 gold pieces
 48683 | D:6      | Bought a runed helmet for 172 gold pieces
 48713 | D:6      | Identified the +4 plate armour of the Vestibule of Hell {Dex+8} (You bought it in a shop on level 6 of the Dungeon)
 48851 | Elf:1    | Entered Level 1 of the Elven Halls
 49136 | Elf:1    | Received a gift from Trog
 49266 | Elf:1    | Received a gift from Trog
 50615 | Elf:2    | Found Fiutaegh's Gadget Emporium.
 50615 | Elf:2    | Found Siec's Jewellery Boutique.
 50692 | Elf:2    | Reached XP level 22. HP: 145/161 MP: 29/29
 50775 | Elf:2    | Received a gift from Trog
 50821 | Elf:2    | Received a gift from Trog
 50887 | Elf:2    | Found a runed gate.
 50887 | Elf:2    | Found a runed gate.
 50887 | Elf:2    | Found a runed gate.
 50933 | Elf:2    | Found Adetan's Jewellery Boutique.
 51459 | Elf:2    | Reached skill level 15 in Armour
 51525 | Elf:2    | Reached skill level 24 in Fighting
 51833 | Elf:3    | Entered Level 3 of the Elven Halls
 51998 | Elf:3    | Cast into level 3 of the Abyss (a deep elf sorcerer)
 52084 | Elf:3    | Escaped the Abyss
 52297 | Elf:3    | Found Sawk's General Store.
 52373 | Elf:3    | Received a gift from Trog
 53151 | Elf:3    | Got a pitted bone ring
 53496 | Elf:3    | Got a steaming bone ring
 53497 | Elf:3    | Got a polished mace {venom}
 53503 | Elf:3    | Identified the +6 mace of Sicirix {venom, rC+ rN+ Int+4 SInv} (You took it off a deep elf elementalist on level 3 of the Elven Halls)
 54142 | Lair:2   | Identified the ring "Yrchihur" {rF+ rC+ SInv} (You took it off a deep elf elementalist on level 3 of the Elven Halls)
 54144 | Lair:2   | Identified the ring "Awuluito" {rElec rC+ Int-2 SInv Stlth+} (You took it off a deep elf sorcerer on level 3 of the Elven Halls)
 54450 | Crypt:1  | Entered Level 1 of the Crypt
 55210 | Crypt:2  | Received a gift from Trog
 56049 | Crypt:2  | Noticed Saint Roka
 56081 | Crypt:2  | Killed Saint Roka
 56548 | Crypt:3  | Entered Level 3 of the Crypt
 56697 | Crypt:3  | Found a staircase to the Tomb.
 56927 | Crypt:3  | Reached XP level 23. HP: 125/168 MP: 31/31
 58206 | Crypt:3  | Noticed a curse toe
 58226 | Crypt:3  | Killed a curse toe
 58509 | Crypt:3  | Received a gift from Trog
 58719 | Crypt:3  | Noticed an ancient lich
 58969 | Crypt:3  | Noticed an ancient lich
 59175 | Crypt:3  | Got a brightly glowing morningstar
 59201 | Crypt:3  | Killed an ancient lich
 59222 | Crypt:3  | HP: 7/168 [metal wall collision (16)]
 59572 | Crypt:3  | Killed an ancient lich
 59663 | Crypt:3  | Identified Puv Daur's Volume of Arcane Weapons and Feathers
 59678 | Crypt:3  | Got a polished plate armour
 59718 | Crypt:3  | Identified the cursed +0 plate armour of the Hurricane {rPois} (You found it on level 3 of the Crypt)
 59766 | Crypt:3  | Identified the +4 morningstar of the Demagogue {venom, MR+ Int+3 Dex-5 Stlth+} (You found it on level 3 of the Crypt)
 60440 | Depths:1 | Entered Level 1 of the Depths
 60870 | Depths:1 | Found a one-way gate to the infinite horrors of the Abyss.
 61604 | Depths:1 | Noticed Bai Suzhen
 61645 | Depths:1 | Killed Bai Suzhen
 61973 | Depths:1 | Found a one-way gate leading to the halls of Pandemonium.
 62095 | Depths:1 | Reached skill level 25 in Fighting
 62113 | Depths:1 | Received a gift from Trog
 62587 | Depths:2 | Found a gateway to Hell.
 62732 | Depths:2 | Found a hide-covered altar of Uskayaw.
 62841 | Depths:2 | Received a gift from Trog
 63099 | Depths:2 | Reached XP level 24. HP: 169/176 MP: 32/32
 64143 | Depths:2 | Received a gift from Trog
 64197 | Depths:2 | Paralysed by a floating eye for 3 turns
 66226 | Depths:4 | Received a gift from Trog
 67221 | Depths:3 | Received a gift from Trog
 67472 | Depths:3 | Noticed a caustic shrike
 67488 | Depths:3 | Killed a caustic shrike
 68216 | Depths:3 | Reached XP level 25. HP: 117/183 MP: 32/32
 68757 | Depths:3 | Found a runed door.
 69150 | Depths:3 | Paralysed by a floating eye for 2 turns
 69327 | Depths:3 | Received a gift from Trog
 69849 | Depths:3 | Found a gateway to a ziggurat.
 69856 | Depths:3 | Identified the Incunabulum of Fire and Dark Magic
 69878 | Depths:3 | Found the ring of Phasing {EV+8}
 69915 | Depths:3 | Reached skill level 26 in Fighting
 69925 | Depths:3 | Identified the Tome of the Venomous Rocks
 70098 | Depths:3 | Got a glittering glass ring
 70325 | Depths:3 | Found a gateway to a ziggurat.
 70686 | Depths:3 | Received a gift from Trog
 71569 | Depths:4 | Noticed Mara
 72014 | Depths:5 | Entered Level 5 of the Depths
 72031 | Depths:5 | Paralysed by a vampire knight for 3 turns
 72553 | Depths:4 | Noticed theElss's illusion
 73085 | Depths:4 | Noticed Jory
 73130 | Depths:4 | Killed Jory
 73454 | Depths:4 | Noticed theElss's illusion
 73550 | Depths:4 | Noticed theElss's illusion
 73627 | Depths:4 | Noticed theElss's illusion
 73651 | Depths:4 | Noticed theElss's illusion
 73663 | Depths:4 | Killed Mara
 73801 | Depths:4 | Identified the ring "Ynennouz" {Fire rPois Str-4 Dex+5} (You found it on level 3 of the Depths)
 73931 | Depths:4 | Received a gift from Trog
 74882 | Depths:5 | Received a gift from Trog
 75634 | Depths:5 | Reached XP level 26. HP: 165/192 MP: 33/33
 75663 | Depths:5 | Received a gift from Trog
 76428 | Depths:5 | Found a gate to the Realm of Zot.
 76500 | Depths:5 | Upgraded the game from 0.21.1 to 0.21.1-1-g345015f
 76795 | D:9      | Bought a potion of heal wounds for 70 gold pieces
 77110 | Vaults:5 | Entered Level 5 of the Vaults
 77694 | Vaults:4 | Received a gift from Trog
 77715 | Vaults:5 | Noticed Frederick
 78306 | Vaults:4 | Killed Frederick
 79603 | Vaults:5 | Received a gift from Trog
 79969 | Vaults:5 | Noticed an ancient lich
 79987 | Vaults:5 | Killed an ancient lich
 80211 | Vaults:5 | Paralysed by a sphinx for 7 turns
 80234 | Vaults:5 | Reached skill level 27 in Fighting
 80804 | Vaults:5 | HP: 2/193 [titan/the air (18)]
 80805 | Vaults:5 | Killed from afar by a titan

Skill      XL: |  1  2  3  4  5  6  7  8  9 10 11 12 13 14 15 16 17 18 19 20 21 22 23 24 25 26 |
---------------+-------------------------------------------------------------------------------+-----
Maces & Flails | 4 5 6 7 8 10 11 12 13 15 16 17 18 19 | 19.3
Dodging        | 2 3 4 6 7 8 |  8.5
Fighting       | 4 5 6 10 13 15 17 19 21 22 23 24 25 26 27 | 27.0
Armour         | 3 4 5 8 9 10 11 12 13 14 15 16 17 | 17.3
Stealth        | 1 |  1.5
Shields        | 5 10 13 15 17 18 20 21 | 21.4
Evocations     | 3 4 5 6 7 8 9 10 11 12 13 14 | 14.7
Crossbows      | 2 4 6 7 8 9 10 | 10.0

Action                   |  1- 3 |  4- 6 |  7- 9 | 10-12 | 13-15 | 16-18 | 19-21 | 22-24 | 25-27 || total
-------------------------+-------+-------+-------+-------+-------+-------+-------+-------+-------++-------
Melee: Mace              |   102 |   129 |   349 |       |   784 |       |       |  2861 |  2341 ||  6566
       Whip              |       |       |    59 |  1252 |  1792 |       |       |       |       ||  3103
       Eveningstar       |       |       |       |       |    99 |  1771 |  2090 |   379 |       ||  4339
 Fire: Hand crossbow     |       |       |       |       |       |    45 |    29 |     4 |       ||    78
Invok: Berserk           |     1 |     3 |     9 |    15 |    16 |    11 |     5 |    15 |    12 ||    87
       Trog's Hand       |       |       |     1 |     2 |     5 |     2 |     3 |    12 |     4 ||    29
       Brothers in Arms  |       |       |       |     2 |     4 |     4 |       |     4 |     4 ||    18
 Abil: Fly               |       |       |       |       |     1 |       |       |       |       ||     1
Evoke: Wand              |       |       |       |       |       |       |       |     1 |       ||     1
  Use: Scroll            |       |       |    12 |     1 |    16 |     2 |     4 |     4 |     6 ||    45
       Potion            |       |       |       |       |     3 |     4 |       |     4 |     2 ||    13
 Stab: Distracted        |       |       |       |       |       |       |     1 |     1 |       ||     2
  Eat: Chunk             |     1 |     8 |    16 |    31 |    56 |    51 |    44 |    40 |    40 ||   287
       Ration            |       |       |     1 |     3 |     2 |     1 |     1 |    12 |     5 ||    25
Armor: Animal skin       |    14 |       |       |       |       |       |       |       |       ||    14
       Scale mail        |    28 |    76 |   188 |   298 |   669 |    20 |       |       |       ||  1279
       Plate armour      |       |       |       |       |       |  1251 |   977 |  1480 |    68 ||  3776
       Gold dragon scale |       |       |       |       |       |       |       |       |  1221 ||  1221
Dodge: Dodged            |    68 |    84 |   190 |   231 |   656 |   771 |   569 |  1096 |   528 ||  4193
Block: Shield            |       |       |       |   386 |  1179 |  1645 |  1458 |  2379 |  2107 ||  9154
       Reflection        |       |       |       |       |       |    58 |   118 |    79 |    62 ||   317
